Map: Ephemeron LE

Players

Zest

  • Race: Protoss Protoss
  • Spawn Location: 11:00

ShoWTimE - Winner!

  • Race: Protoss Protoss
  • Spawn Location: 5:00

Event: IEM Katowice 2020

VOD

Have the link to the VOD?

Description

Time

  • Played on: Feb. 27, 2020, 1:04 p.m.
  • Length: 12:08

All games in this series

Show
View Real Time Build Order
Export as new Build Order

Zest Protoss 

Build Orders: Phoenix Opening 

Get SALT Encoding   

  12  0:00  Probe  
  13  0:12  Probe  
  14  0:17  Pylon  
  14  0:24  Probe (Chrono Boost)  
  15  0:36  Gateway  
  15  0:37  Probe (Chrono Boost)  
  16  0:44  Probe (Chrono Boost)  
  16  0:46  Assimilator  
  17  0:51  Probe  
  17  0:54  Assimilator  
  18  1:03  Probe (Chrono Boost)  
  19  1:08  Gateway  
  19  1:12  Probe (Chrono Boost)  
  19  1:17  Probe (Chrono Boost)  
  20  1:23  Cybernetics Core  
  21  1:29  Probe  
  22  1:35  Pylon  
  22  1:41  Probe  
  23  1:53  Probe  
  24  1:57  Warp Gate (Chrono Boost)  
  24  2:00  Sentry, Stalker  
  28  2:13  Pylon  
  28  2:26  Stalker  
  30  2:31  Stalker  
  30  2:33  Phoenix  
  32  2:47  Nexus  
  32  2:56  Sentry  
  35  3:01  Sentry  
  36  3:11  Pylon  
  36  3:13  Robotics Facility  
  36  3:15  Probe  
  37  3:27  Probe  
  36  3:43  Probe (Chrono Boost)  
  37  3:48  Adept  
  37  3:49  Adept  
  37  3:54  Probe (Chrono Boost)  
  42  4:01  Probe (Chrono Boost)  
  43  4:03  Probe (Chrono Boost), Warp Prism  
  47  4:12  Probe (Chrono Boost), Sentry x2  
  47  4:13  Probe (Chrono Boost)  
  52  4:17  Probe (Chrono Boost)  
  52  4:21  Probe  
  53  4:33  Probe x2  
  52  4:40  Immortal  
  52  4:45  Adept x2  
  59  4:53  Probe x2  
  61  5:10  Pylon  
  61  5:12  Pylon  
  61  5:15  Twilight Council  
  61  5:18  Probe  
  62  5:25  Probe  
  61  5:30  Probe  
  62  5:37  Probe  
  62  5:39  Stalker  
  62  5:42  Stalker  
  67  5:43  Probe  
  67  5:46  Resonating Glaives (Chrono Boost)  
  62  5:51  Immortal  
  66  5:57  Assimilator  
  66  6:00  Gateway  
  66  6:01  Gateway  
  66  6:02  Gateway  
  66  6:09  Gateway  
  66  6:10  Gateway  
  66  6:13  Gateway  
  66  6:18  Adept  
  66  6:19  Adept  
  66  6:22  Pylon  
  70  6:29  Pylon  
  70  6:30  Observer  
  71  6:37  Probe x2  
  73  6:40  Adept x2  
  73  6:43  Pylon  
  77  7:00  Adept  
  77  7:01  Adept x4  
  87  7:03  Adept  
  79  7:17  Probe x2  
  79  7:22  Stargate  
  81  7:24  Observer  
  81  7:29  Assimilator  
  81  7:37  Pylon  
  81  7:42  Adept x3  
  81  7:43  Adept x5  
  97  7:44  Pylon  
  89  8:09  Adept x4  
  89  8:10  Adept x4  
  61  8:37  Immortal  
  57  8:42  Phoenix (Chrono Boost)  
  57  8:49  Adept x8  
  73  8:58  Phoenix (Chrono Boost)  
  69  9:10  Charge (Chrono Boost)  
  69  9:20  Phoenix (Chrono Boost)  
  64  9:38  Phoenix (Chrono Boost)  
  64  9:42  Templar Archives  
  65  9:56  Nexus  
  65  9:57  Pylon  
  65  10:01  Observer  
  66  10:18  High Templar  
  66  10:19  High Templar, Zealot x6  
  82  10:23  Archon, Pylon  
  82  10:27  Pylon  
  82  10:32  Immortal (Chrono Boost)  
  86  10:46  Forge  
  86  11:06  High Templar x2  
  86  11:07  Zealot x3  
  86  11:10  Archon  
  94  11:12  Zealot x3  
  100  11:28  High Templar x2, Zealot  
  104  11:34  Archon, Zealot x3  
  106  11:41  High Templar  
  106  11:42  High Templar  
  110  11:48  Archon  
  110  11:50  Zealot  
  102  12:00  Zealot x3  
  102  12:01  Zealot x3  
Show
View Real Time Build Order
Export as new Build Order

ShoWTimE Protoss - Winner!

Build Orders:  

Get SALT Encoding   

  12  0:00  Probe  
  13  0:13  Probe  
  14  0:17  Pylon  
  14  0:25  Probe (Chrono Boost)  
  15  0:37  Probe (Chrono Boost)  
  15  0:38  Gateway  
  16  0:44  Probe (Chrono Boost)  
  16  0:46  Assimilator  
  17  0:51  Probe  
  17  0:55  Assimilator  
  18  1:03  Probe (Chrono Boost)  
  19  1:10  Gateway  
  19  1:13  Probe (Chrono Boost)  
  19  1:18  Probe (Chrono Boost)  
  20  1:25  Cybernetics Core  
  21  1:29  Probe  
  22  1:35  Pylon  
  22  1:42  Probe  
  23  1:54  Probe  
  24  2:01  Stalker  
  24  2:02  Warp Gate, Stalker  
  28  2:09  Probe  
  28  2:13  Pylon  
  29  2:32  Stalker x2  
  33  2:58  Nexus  
  33  3:00  Probe  
  33  3:03  Sentry  
  36  3:07  Sentry  
  38  3:12  Pylon  
  38  3:16  Probe  
  39  3:30  Probe  
  36  3:43  Probe  
  36  3:45  Robotics Facility  
  37  3:50  Adept x2  
  37  3:55  Probe  
  42  4:06  Forge  
  41  4:10  Probe (Chrono Boost)  
  41  4:12  Probe (Chrono Boost)  
  42  4:17  Shield Battery  
  42  4:18  Adept  
  42  4:22  Probe (Chrono Boost)  
  42  4:23  Probe (Chrono Boost)  
  46  4:27  Probe (Chrono Boost)  
  48  4:31  Probe (Chrono Boost)  
  48  4:39  Probe (Chrono Boost)  
  48  4:43  Probe (Chrono Boost), Observer  
  47  4:46  Sentry  
  47  4:49  Probe (Chrono Boost), Shield Battery  
  47  4:51  Probe (Chrono Boost)  
  51  5:02  Shield Battery  
  51  5:03  Shield Battery  
  51  5:04  Immortal (Chrono Boost), Sentry  
  57  5:11  Stalker  
  57  5:13  Pylon  
  59  5:17  Shield Battery  
  59  5:25  Probe  
  58  5:28  Stalker  
  58  5:32  Twilight Council  
  58  5:34  Probe, Robotics Bay  
  61  5:36  Stalker  
  61  5:37  Probe  
  60  5:46  Probe  
  60  5:48  Gateway  
  60  5:49  Gateway, Warp Prism (Chrono Boost)  
  57  5:55  Assimilator  
  57  5:57  Assimilator  
  57  5:59  Gateway  
  57  6:02  Gateway  
  57  6:04  Stalker  
  57  6:08  Pylon  
  57  6:10  Zealot  
  61  6:16  Pylon  
  61  6:18  Disruptor (Chrono Boost)  
  64  6:29  Zealot  
  66  6:34  Photon Cannon, Stalker  
  66  6:38  Photon Cannon  
  68  6:41  Photon Cannon  
  68  6:42  Shield Battery  
  68  6:44  Disruptor (Chrono Boost)  
  68  6:53  Gateway  
  71  6:56  Stalker  
  71  7:01  Stalker  
  75  7:12  Stalker x2  
  77  7:19  Stalker  
  77  7:21  Gateway  
  77  7:22  Pylon  
  79  7:25  Stalker  
  81  7:31  Probe x2  
  81  7:32  Gravitic Drive  
  81  7:35  Twilight Council  
  82  7:38  Protoss Ground Weapons Level 1 (Chrono Boost)  
  82  7:40  Zealot x2  
  87  7:44  Observer  
  87  7:57  Pylon  
  87  7:58  Gateway  
  87  8:00  Zealot x2  
  86  8:09  Zealot x2  
  86  8:10  Zealot  
  74  8:25  Stalker x3  
  74  8:32  Stalker  
  76  8:37  Stalker  
  72  8:42  Probe x2  
  74  8:52  Pylon  
  74  8:54  Probe, Charge (Chrono Boost), Templar Archives  
  75  9:13  Gateway  
  75  9:14  Gateway  
  75  9:21  Zealot x3  
  75  9:37  Protoss Ground Weapons Level 2 (Chrono Boost)  
  72  9:42  High Templar x2  
  76  9:48  Archon  
  76  9:53  Nexus  
  76  9:54  Warp Prism  
  78  10:06  Probe x2  
  80  10:13  High Templar  
  80  10:14  High Templar, Zealot x3  
  83  10:20  Probe x2, Archon  
  91  10:29  Pylon  
  91  10:33  Zealot x3  
  97  10:41  Probe x2  
  98  10:44  High Templar x2  
  98  10:48  Archon  
  98  11:11  High Templar  
  98  11:12  High Templar, Zealot x4  
  98  11:16  Archon  
  98  11:17  Zealot x2  
  114  11:24  Warp Prism  
  114  11:39  Zealot x4  
  122  11:42  Zealot  

Tags
 
Add a new tag
Caveats
  • Supply blocks, unpowered buildings, or Contaminate may cause inaccurate times.
  • Supply counts are checked every 10 seconds.